 Dungeon Crawl Stone Soup version 0.28-a0-580-ga2639ab843 (webtiles) character file.

Game seed: 5707543937914183902

290027 kipponium the Warrior (level 21, -5/183 HPs)
             Began as a Formicid Hunter on Oct 2, 2021.
             Was a High Priest of Okawaru.
             Killed from afar by a deep elf sorcerer (42 damage)
             ... with a bolt of acid
             ... on level 3 of the Elven Halls.
             The game lasted 03:59:38 (59043 turns).

kipponium the Warrior (Formicid Hunter)            Turns: 59043, Time: 03:59:39

Health: -5/183     AC: 24    Str: 28    XL:     21   Next: 62%
Magic:  46/46      EV:  9    Int: 21    God:    Okawaru [*****.]
Gold:   3025       SH: 16    Dex: 11    Spells: 20/20 levels left

rFire   + + +      SeeInvis +   F - +2 hand crossbow of Brutal Revenge {vorpal, rF++ MP+9 Str+4 Int+3}
rCold   . . .      Faith    +   C - +2 kite shield {reflect}
rNeg    . . .      Spirit   .   H - +2 crystal plate armour
rPois   +          Reflect  +   (helmet unavailable)
rElec   +          Harm     .   M - +2 cloak {Will+}
rCorr   .          Rampage  .   U - +2 pair of gloves {archery}
Will    ++++.                   q - +2 pair of boots "Deposh" {rElec Int+4}
Stlth   ..........              a - amulet of faith
HPRegen 0.00/turn               y - ring of willpower
MPRegen 0.30/turn               t - ring "Uticlita" {Drain rPois rF+ MP+9 Slay+5}

@: heroic, corroded, inhibited regen
A: permanent stasis, dig shafts and tunnels, antennae 3, four strong arms,
inhibited regeneration
}: 2/15 runes: serpentine, barnacled
a: Dig, Shaft Self, Renounce Religion, Heroism, Finesse, Duel


You were on level 3 of the Elven Halls.
You worshipped Okawaru.
Okawaru was extremely pleased with you.
You visited 7 branches of the dungeon, and saw 35 of its levels.
You also visited: Sewer, Bailey and Ice Cave.

You collected 3744 gold pieces.
You spent 719 gold pieces at shops.

Inventory:

Hand Weapons
 p - a +3 triple crossbow of freezing
 F - the +2 hand crossbow of Brutal Revenge (weapon) {vorpal, rF++ MP+9 Str+4 Int+3}
   (Okawaru gifted it to you in an ice cave)

   Any ammunition fired from it inflicts extra damage upon your enemies.
   Str:       It affects your strength (+4).
   Int:       It affects your intelligence (+3).
   rF:        It greatly protects you from fire.
   MP:        It affects your magic capacity (+9).
 J - the +10 quarterstaff of Wevifaz {holy, Int+3}
   (You took it off an orc on level 10 of the Dungeon)

   It has been blessed by the Shining One to cause great damage to the undead
   and demons.
   Int:       It affects your intelligence (+3).
Missiles
 d - 527 bolts (quivered ammo)
Armour
 j - the +0 pair of boots of the Moon {rF+ rCorr Dex+2}
   (You found it on level 15 of the Dungeon)

   Dex:       It affects your dexterity (+2).
   rF:        It protects you from fire.
   rCorr:     It protects you from acid and corrosion.
 q - the +2 pair of boots "Deposh" (worn) {rElec Int+4}
   (Okawaru gifted it to you on level 3 of the Snake Pit)

   Int:       It affects your intelligence (+4).
   rElec:     It insulates you from electricity.
 C - a +2 kite shield of reflection (worn)
 H - a +2 crystal plate armour (worn)
 L - a +1 tower shield of cold resistance
 M - a +2 cloak of willpower (worn)
 S - a +0 pair of boots of flying
 U - a +2 pair of gloves of archery (worn)
Jewellery
 a - an amulet of faith (around neck)
 g - a ring of fire
 m - the ring of Balance {Drain rN+ rCorr Str+6 Int+8}
   (You took it off a deep elf sorcerer on level 3 of the Elven Halls)

   [ring of strength]

   Str:       It affects your strength (+6).
   Int:       It affects your intelligence (+8).
   rN:        It protects you from negative energy.
   rCorr:     It protects you from acid and corrosion.
   Drain:     It drains your maximum health when unequipped.
 n - an amulet of guardian spirit
 r - a +6 ring of strength
 t - the ring "Uticlita" (right hand) {Drain rPois rF+ MP+9 Slay+5}
   (You found it on level 5 of the Dungeon)

   [ring of magical power]

   Slay:      It affects your accuracy & damage with ranged weapons and melee
   (+5).
   rF:        It protects you from fire.
   rPois:     It protects you from poison.
   MP:        It affects your magic capacity (+9).
   Drain:     It drains your maximum health when unequipped.
 y - a ring of willpower (left hand)
 E - a ring of protection from fire
 I - an amulet of reflection
 R - a ring of resist corrosion
 V - a ring of protection from fire
Wands
 f - a wand of mindburst (20)
 s - a wand of polymorph (20)
 w - a wand of iceblast (14)
 K - a wand of paralysis (24)
 P - a wand of acid (12)
Scrolls
 b - 5 scrolls of enchant armour
 c - 5 scrolls of amnesia
 i - 4 scrolls of fear
 l - 2 scrolls of brand weapon
 x - 23 scrolls of identify
 A - 2 scrolls of fog
 B - 2 scrolls of holy word
 D - a scroll of blinking {unknown}
 G - a scroll of magic mapping
 T - 4 scrolls of enchant weapon
Potions
 e - 6 potions of curing
 h - 4 potions of cancellation
 k - 4 potions of magic
 o - 3 potions of flight
 u - a potion of invisibility
 v - 3 potions of ambrosia
 z - 3 potions of heal wounds
 N - 3 potions of might
 O - 4 potions of attraction
 Q - 6 potions of resistance
 W - a potion of brilliance


   Skills:
 + Level 20.0(25.0) Fighting
 - Level 14.0(20.4) Maces & Flails
 - Level 1.8(12.1) Polearms
 - Level 10.9(19.0) Staves
 * Level 18.1(23.1) Crossbows
 - Level 15.0(20.0) Armour
 - Level 1.7(6.7) Dodging
 - Level 1.2(6.2) Stealth
 - Level 15.0(20.0) Shields
 - Level 10.0 Invocations
 + Level 6.0 Evocations


You had 20 spell levels left.
You didn't know any spells.
Your spell library contained the following spells:

 Spells                   Type           Power      Damage    Failure   Level
 Beastly Appendage        Tmut           0%         N/A       91%         1
 Foxfire                  Conj/Fire      0%         2x1d4     91%         1
 Sandblast                Erth           0%         2d4       91%         1
 Shock                    Conj/Air       0%         1d3       91%         1
 Sting                    Tmut/Pois      0%         1d3       91%         1
 Ensorcelled Hibernation  Hex/Ice        0%         N/A       97%         2
 Passwall                 Tmut/Erth      0%         N/A       97%         2
 Poisonous Vapours        Pois/Air       0%         N/A       97%         2
 Sublimation of Blood     Necr           0%         N/A       97%         2
 Wereblood                Tmut           0%         N/A       97%         2
 Conjure Flame            Conj/Fire      0%         6-21      99%         3
 Dazzling Flash           Conj/Hex       0%         N/A       99%         3
 Gell's Gravitas          Tloc           0%         N/A       99%         3
 Ignite Poison            Fire/Tmut/Pois 0%         N/A       99%         3
 Inner Flame              Hex/Fire       0%         N/A       99%         3
 Lesser Beckoning         Tloc           0%         N/A       99%         3
 Mephitic Cloud           Conj/Pois/Air  0%         N/A       99%         3
 Ozocubu's Armour         Ice            0%         N/A       99%         3
 Spider Form              Tmut/Pois      0%         N/A       99%         3
 Stone Arrow              Conj/Erth      0%         3d7       99%         3
 Teleport Other           Tloc           0%         N/A       99%         3
 Airstrike                Air            0%         N/A       100%        4
 Flame Wave               Conj/Fire      0%         3d3       100%        4
 Fulminant Prism          Conj/Hex       0%         3d6       100%        4
 Hailstorm                Conj/Ice       0%         3d3       100%        4
 Ice Form                 Ice/Tmut       0%         N/A       100%        4
 Iskenderun's Mystic Bla  Conj/Tloc      0%         2d3       100%        4
 Olgreb's Toxic Radiance  Pois           0%         N/A       100%        4
 Passage of Golubria      Tloc           N/A        N/A       100%        4
 Petrify                  Tmut/Erth      0%         N/A       100%        4
 Agony                    Necr           0%         N/A       100%        5
 Alistair's Intoxication  Tmut/Pois      0%         N/A       100%        5
 Blade Hands              Tmut           0%         N/A       100%        5
 Borgnjor's Vile Clutch   Necr/Erth      0%         N/A       100%        5
 Freezing Cloud           Conj/Ice/Air   0%         6-21      100%        5
 Irradiate                Conj/Tmut      0%         3d13      100%        5
 Lee's Rapid Deconstruct  Erth           0%         3d5*      100%        5
 Metabolic Englaciation   Hex/Ice        0%         N/A       100%        5
 Silence                  Hex/Air        0%         N/A       100%        5
 Yara's Violent Unravell  Hex/Tmut       0%         3d3       100%        5
 Conjure Ball Lightning   Conj/Air       0%         3x3d6     100%        6
 Eringya's Noxious Bog    Tmut/Pois      0%         N/A       100%        6
 Dragon Form              Tmut           0%         N/A       100%        7
 Ozocubu's Refrigeration  Ice            0%         4d5       100%        7
 Storm Form               Tmut/Air       0%         N/A       100%        7
 Discord                  Hex            0%         N/A       100%        8
 Disjunction              Tloc           0%         N/A       100%        8
 Maxwell's Capacitive Co  Air            0%         ∞         100%        8
 Polar Vortex             Ice            0%         N/A       100%        9
 Swiftness                Air            Unusable   N/A       N/A         3
 Tukima's Dance           Hex            Unusable   N/A       N/A         3
 Summon Lightning Spire   Summ/Air       Unusable   N/A       N/A         4
 Simulacrum               Ice/Necr       Unusable   N/A       N/A         6
 Summon Hydra             Summ           Unusable   N/A       N/A         7

Dungeon Overview and Level Annotations

Branches:
Dungeon (15/15)            Temple (1/1) D:4            Lair (6/6) D:10
 Shoals (4/4) Lair:4        Snake (4/4) Lair:3        Slime (0/5) Lair:5
    Orc (2/2) D:10            Elf (3/3) Orc:2        Vaults (0/5) D:14
 Depths (0/4) D:15          Sewer (visited)          Bailey (visited)
  IceCv (visited)

Altars:
Ashenzari
Cheibriados
Dithmenos
Elyvilon
Fedhas
Gozag
Hepliaklqana
Kikubaaqudgha
Makhleb
Nemelex Xobeh
Okawaru
Qazlal
Ru
Sif Muna
Trog
Uskayaw
Vehumet
Wu Jian
Xom
Yredelemnul
Zin
The Shining One
Jiyva

Shops:
D:4 [   D:6 ?   D:11 !   D:13 *   Orc:1 *   Orc:2 [(((=   Elf:1 *   Shoals:4 [

Portals:
Trove: D:11 (give +3 shadow dragon scales)

Annotations:
D:4 1 runed translucent door, Crazy Yiuf
D:5 exclusion: oklob plant
Lair:5 1 runed translucent door


Innate Abilities, Weirdness & Mutations

You cannot be hasted, slowed, berserked, paralysed or teleported.
You can dig through walls and to a lower floor.
You have a pair of large antennae on your head. (SInv)
Your four strong arms can wield two-handed weapons with a shield.
You do not regenerate when monsters are visible.


Message History

* * * LOW HITPOINT WARNING * * *
You block the deep elf sorcerer's attack.
The deep elf sorcerer hits you but does no damage.
You feel much better.
The deep elf sorcerer is no longer moving quickly.
You block the deep elf sorcerer's attack.
You are too injured to fight recklessly!
Fire: 529 bolts
Press: ? - help, Q - select action, (/) - cycle Shift-Dir - straight line, f/p - deep elf sorcerer
Aim: a deep elf sorcerer, wielding a +0 dagger (moderately wounded, fast, 76% to hit)
You shoot a bolt. The bolt hits the deep elf sorcerer!
The deep elf sorcerer is heavily wounded.
The deep elf sorcerer gestures wildly while chanting.
The deep elf sorcerer seems to speed up.
Fire: 528 bolts
Press: ? - help, Q - select action, (/) - cycle Shift-Dir - straight line, f - deep elf sorcerer, p - deep elf sorcerer
Aim: a deep elf sorcerer, wielding a +0 dagger (heavily wounded, fast, 76% to hit)
You shoot a bolt. The bolt hits the deep elf sorcerer!!
The deep elf sorcerer is almost dead.
You block the deep elf sorcerer's attack.
The deep elf sorcerer howls an incantation.
The deep elf sorcerer's hands start to glow.
The deep elf sorcerer points at you and mumbles some strange words.
The bolt of acid hits you!!!
* * * LOW HITPOINT WARNING * * *
The acid corrodes you!
The deep elf sorcerer gestures at you while chanting.
The bolt of acid hits you!!
* * * LOW HITPOINT WARNING * * *
Okay, then.
Press: ? - help, v - describe, . - travel, g - get item
Here: a deep elf sorcerer, wielding a +0 dagger (almost dead, fast) Item here: a bolt.
The floor, spattered with blood.
You feel much better.
The deep elf sorcerer completely misses you.
You block the deep elf sorcerer's attack.
The deep elf sorcerer casts a spell at you.
The bolt of acid hits you!!!
You die...

#......## ##......# {
#...e.e.###..)....#{
##.........).....## {
##.............## #......e......#
{ ###....e....### ##...e)..## ##
##############e######### #### .#
#......#.##..@e).......##.#.##
.###...#.........)........#.###.#
............#.###..........# ##.
###.....#####.# #))........# ##
##...####..## #.##.......#####.
#...###.### ##)#######.#[...).
##.##.#.# ##...## ##......
##.###)## ##.....## #.#...#
#....### ##.......## ##.###.#


You could see a deep elf annihilator, 2 deep elf sorcerers and 2 deep elf
demonologists.

Vanquished Creatures
  Jorgrun (Elf:2)
  A deep elf blademaster (Elf:2)
  Rupert (Lair:3)
  A deep elf master archer (Elf:3)
  Kirke (D:15)
  Donald (Snake:1)
  8 nagarajas (Snake:4)
  Ilsuiw (Shoals:2)
  7 deep elf sorcerers
  A frost giant (D:15)
  An orc warlord (Orc:1)
  Aizul (Snake:1)
  A deep elf elementalist (Elf:3)
  A reaper (IceCv)
  An ironbound preserver (D:14)
  2 deep elf demonologists
  2 deep elf annihilators (Elf:3)
  Azrael (Elf:1)
  7 merfolk javelineers
  6 merfolk impalers
  A deep elf death mage (Elf:3)
  Josephine (D:14)
  21 naga warriors
  5 deep elf high priests (Elf:3)
  6 hydras
  A salamander tyrant (Snake:4)
  7 merfolk avatars
  Harold (D:7)
  6 merfolk aquamancers (Shoals:4)
  7 boulder beetles
  3 catoblepae (Lair:6)
  3 death knights
  Erica (D:11)
  14 anacondas
  8 two-headed ogres
  17 death yaks
  30 dancing weapons
  6 satyrs
  10 centaur warriors
  2 tengu warriors (D:15)
  12 naga sharpshooters
  Urug (Lair:3)
  3 orc high priests (Orc:2)
  8 shock serpents
  14 deep elf knights
  A fire crab (shapeshifter) (D:14)
  3 skeletal warriors
  A salamander mystic (Snake:4)
  16 sea snakes
  4 naga ritualists
  Pikel (D:7)
  6 harpies (Shoals:4)
  6 orc knights
  10 deep elf archers
  23 deep elf pyromancers
  14 deep elf zephyrmancers
  3 mana vipers
  4 orc sorcerers
  17 ugly things
  15 manticores
  32 fauns
  7 salamanders
  8 cyclopes
  2 ice statues (IceCv)
  Joseph (D:8)
  16 merfolk sirens
  9 guardian serpents
  29 black mambas
  6 elephants (Lair:4)
  A torpor snail (Lair:6)
  A water nymph (Shoals:4)
  2 centaur skeletons (D:11)
  2 unseen horrors
  20 naga magi
  12 cane toads
  16 komodo dragons
  A yaktaur (D:12)
  5 rime drakes
  8 ice devils
  2 freezing wraiths (D:11)
  An anaconda simulacrum (IceCv)
  2 entropy weaver simulacra (IceCv)
  4 tengu conjurers
  3 hellwings (D:11)
  9 wind drakes
  8 trolls
  3 polar bears
  20 merfolk
  7 slime creatures
  Grinder (D:4)
  A blink frog (shapeshifter) (Elf:1)
  11 dream sheep
  13 blink frogs
  A meliai zombie (D:11)
  15 snapping turtles
  2 vampires
  4 dire elephant simulacra (IceCv)
  5 wraiths
  8 wyverns
  10 water elementals
  Sigmund (D:3)
  2 shadows (D:12)
  2 fire elementals (Elf:1)
  47 yaks
  2 hogs (D:15)
  A golden eye (shapeshifter) (Elf:3)
  2 humans (D:15)
  A steam dragon (D:7)
  9 vampire mosquitoes
  5 basilisks
  A death yak simulacrum (IceCv)
  4 wargs
  43 nagas
  3 harpy simulacra (IceCv)
  An acid dragon (D:14)
  2 hell hounds (Elf:1)
  26 water moccasins
  4 black bears (D:10)
  24 orc warriors
  A necrophage (D:6)
  2 ice beasts
  A sky beast (D:7)
  8 ogres
  31 wolves
  16 centaurs
  A phantom (D:7)
  A kobold brigand (D:7)
  4 earth elementals
  15 bullfrogs
  A wyvern zombie (D:6)
  A gnoll sergeant (D:10)
  2 scorpions (D:5)
  A wyvern skeleton (D:6)
  A two-headed ogre simulacrum (IceCv)
  7 killer bees
  3 wights (D:8)
  4 howler monkeys
  4 centaur zombies
  4 hounds
  13 orc priests
  A jelly (D:4)
  4 bullfrog skeletons
  4 iguanas
  18 orc wizards
  A troll simulacrum (IceCv)
  A polar bear simulacrum (IceCv)
  A howler monkey zombie (D:8)
  6 adders
  21 gnolls
  A naga simulacrum (IceCv)
  9 river rats (Sewer)
  2 white imps (D:6)
  An adder zombie (D:5)
  A worm (D:3)
  A dart slug (D:5)
  90 orcs
  14 ball pythons
  8 bats
  10 endoplasms
  6 giant cockroaches
  17 goblins
  5 hobgoblins
  3 jackals (D:2)
  3 quokkas
  13 frilled lizards
  25 kobolds
  29 rats
1262 creatures vanquished.

Vanquished Creatures (others)
  A deep elf zephyrmancer (Elf:1)
  A deep elf pyromancer (Elf:1)
  A black mamba (Snake:4)
  An orc priest (Orc:2)
  2 orc wizards (Orc:2)
  25 fungi
  76 plants
  13 toadstools (D:5)
120 creatures vanquished.

Grand Total: 1382 creatures vanquished

Notes
Turn   | Place    | Note
-------+----------+-------------------------------------------
     0 | D:1      | kipponium the Formicid Hunter began the quest for the Orb.
     0 | D:1      | Reached XP level 1. HP: 16/16 MP: 1/1
   197 | D:1      | Reached skill level 1 in Polearms
   284 | D:1      | Found a faded altar of an unknown god.
   299 | D:1      | Reached XP level 2. HP: 22/22 MP: 2/2
   648 | D:1      | Reached skill level 1 in Maces & Flails
   754 | D:1      | Reached XP level 3. HP: 25/27 MP: 3/3
  1711 | D:2      | Reached XP level 4. HP: 23/33 MP: 4/4
  2505 | D:3      | Found a shimmering altar of Xom.
  2721 | D:3      | Found a basalt altar of Yredelemnul.
  2721 | D:3      | Found a bloodstained altar of Trog.
  2764 | D:3      | Found a glowing drain.
  2769 | D:3      | Reached XP level 5. HP: 33/38 MP: 5/5
  2770 | Sewer    | Entered a sewer
  4199 | Sewer    | Gained mutation: You do not regenerate when monsters are
                  | visible. [potion of mutation]
  4271 | Sewer    | Reached XP level 6. HP: 23/44 MP: 6/6
  4467 | Sewer    | Reached skill level 1 in Shields
  5480 | D:3      | Noticed Sigmund
  5495 | D:3      | Killed Sigmund
  5496 | D:3      | Reached skill level 5 in Maces & Flails
  5496 | D:3      | Reached XP level 7. HP: 37/50 MP: 7/7
  6055 | D:4      | Noticed Grinder
  6071 | D:4      | Killed Grinder
  6536 | D:4      | Found Jocsu's Armour Shop.
  6610 | D:4      | Found a staircase to the Ecumenical Temple.
  6617 | Temple   | Entered the Ecumenical Temple
  6645 | Temple   | Became a worshipper of Elyvilon the Healer
  6720 | Temple   | Fell from the grace of Elyvilon
  6720 | Temple   | Became a worshipper of Warmaster Okawaru
  6806 | D:4      | Found a runed translucent door.
  6807 | D:4      | Noticed Crazy Yiuf
  7078 | D:4      | Reached XP level 8. HP: 50/56 MP: 8/8
  7258 | D:5      | Entered Level 5 of the Dungeon
  7711 | D:5      | Noticed a kobold demonologist
  7722 | D:5      | Noticed a soul eater
  7726 | D:5      | Noticed a sun demon
  7728 | D:5      | Noticed a rust devil
  8465 | D:6      | Reached * piety under Okawaru
  8604 | D:5      | Identified the ring "Uticlita" {Drain rPois rF+ MP+9
                  | Slay+5}
  8726 | D:5      | Reached XP level 9. HP: 45/61 MP: 9/9
  8837 | D:5      | Reached skill level 10 in Maces & Flails
  8874 | D:5      | Found a snail-covered altar of Cheibriados.
  8913 | D:5      | Found an opulent altar of Gozag.
  9161 | D:5      | Found a blossoming altar of Fedhas.
  9179 | D:5      | Noticed an oklob plant
  9539 | D:6      | Found Hifem's Magic Scroll Emporium.
  9550 | D:6      | Bought a scroll of identify for 24 gold pieces
  9550 | D:6      | Bought a scroll of identify for 24 gold pieces
  9550 | D:6      | Bought a scroll of identify for 24 gold pieces
 10285 | D:6      | Reached ** piety under Okawaru
 10402 | D:7      | Noticed Pikel
 10421 | D:7      | Killed Pikel
 10422 | D:7      | Reached skill level 3 in Fighting
 10422 | D:7      | Reached XP level 10. HP: 50/70 MP: 10/10
 10520 | D:7      | Noticed Harold
 10634 | D:7      | Found an ancient bone altar of Kikubaaqudgha.
 10663 | D:7      | Found a glowing silver altar of Zin.
 10683 | D:7      | Killed Harold
 10683 | D:7      | Reached *** piety under Okawaru
 11569 | D:8      | Noticed a two-headed ogre
 11580 | D:8      | Killed a two-headed ogre
 11580 | D:8      | Reached **** piety under Okawaru
 11581 | D:8      | Reached skill level 4 in Fighting
 11613 | D:8      | Noticed Joseph
 11984 | D:8      | Killed Joseph
 11985 | D:8      | Reached skill level 1 in Armour
 11985 | D:8      | Reached skill level 1 in Invocations
 12138 | D:8      | Noticed a two-headed ogre
 12147 | D:8      | Killed a two-headed ogre
 12147 | D:8      | Received a gift from Okawaru
 12148 | D:8      | Reached skill level 5 in Fighting
 12148 | D:8      | Reached XP level 11. HP: 59/79 MP: 12/12
 12456 | D:9      | Reached skill level 1 in Evocations
 12569 | D:9      | Found a sparkling altar of Nemelex Xobeh.
 12874 | D:9      | Found a hide-covered altar of Uskayaw.
 12942 | D:10     | Entered Level 10 of the Dungeon
 13097 | D:10     | Reached ***** piety under Okawaru
 13100 | D:10     | Reached skill level 6 in Fighting
 13257 | D:10     | Found a staircase to the Orcish Mines.
 13296 | D:10     | Identified the +10 quarterstaff of Wevifaz {holy, Int+3}
 13324 | D:10     | Received a gift from Okawaru
 13352 | D:10     | Reached skill level 5 in Shields
 13380 | D:10     | Reached skill level 1 in Staves
 13610 | D:10     | Found a staircase to the Lair.
 14061 | Orc:1    | Entered Level 1 of the Orcish Mines
 14061 | Orc:1    | Found Cosmucw's General Store.
 14073 | Orc:1    | Received a gift from Okawaru
 14168 | Orc:1    | Found a flagged portal.
 14181 | Bailey   | Entered a bailey
 14619 | Orc:1    | Received a gift from Okawaru
 14900 | Orc:2    | Entered Level 2 of the Orcish Mines
 14900 | Orc:2    | Noticed an orc sorcerer
 14904 | Orc:2    | Noticed an orc warlord
 15445 | Lair:1   | Entered Level 1 of the Lair of Beasts
 16131 | Lair:1   | Found a broken altar of Ashenzari.
 16273 | Lair:2   | Reached skill level 7 in Fighting
 16273 | Lair:2   | Reached XP level 12. HP: 91/91 MP: 15/15
 16294 | Lair:2   | Reached skill level 5 in Staves
 16445 | Lair:2   | Reached skill level 5 in Invocations
 16710 | Lair:2   | Received a gift from Okawaru
 16711 | Lair:2   | Reached skill level 5 in Armour
 17093 | Lair:2   | Received a gift from Okawaru
 17278 | Lair:2   | Received a gift from Okawaru
 17684 | Lair:2   | Noticed a boulder beetle
 17697 | Lair:2   | Killed a boulder beetle
 17697 | Lair:2   | Received a gift from Okawaru
 18558 | Lair:3   | Noticed Urug
 18645 | Lair:3   | Reached XP level 13. HP: 92/98 MP: 17/17
 18651 | Lair:3   | Found a staircase to the Snake Pit.
 19053 | Lair:3   | Noticed Rupert
 19191 | D:11     | Reached skill level 8 in Fighting
 19217 | D:11     | Reached skill level 10 in Staves
 19217 | D:11     | Reached XP level 14. HP: 85/106 MP: 20/20
 19449 | D:11     | Noticed Erica
 19466 | D:11     | Killed Erica
 19494 | D:11     | Found the +4 Cigotuvi's embrace {rMiasma Drain rN+}
 19715 | D:11     | Found Seuptis's Distillery.
 19719 | D:11     | Bought a potion of attraction for 33 gold pieces
 19719 | D:11     | Bought a potion of resistance for 110 gold pieces
 19941 | D:11     | Found a portal to a secret trove of treasure.
 20073 | D:11     | Reached skill level 9 in Fighting
 20941 | D:12     | Found a runed translucent door.
 20944 | D:12     | Found a runed translucent door.
 21271 | D:12     | Received a gift from Okawaru
 21465 | D:12     | Reached skill level 10 in Shields
 22029 | D:12     | Received a gift from Okawaru
 22279 | D:12     | Received a gift from Okawaru
 22311 | D:12     | Reached ****** piety under Okawaru
 22312 | D:12     | Reached skill level 10 in Invocations
 22336 | D:12     | Reached skill level 5 in Crossbows
 22585 | D:12     | Reached XP level 15. HP: 115/115 MP: 22/22
 22621 | D:12     | Reached skill level 10 in Fighting
 22981 | D:12     | Identified the +12 battleaxe of Jilla {venom, rF+ Str-5
                  | Dex+3}
 23678 | D:13     | Found Wawo's Overcharged Wands.
 23705 | D:12     | Received a gift from Okawaru
 25442 | D:14     | Found a gate to the Vaults.
 25442 | D:14     | Noticed an ironbound preserver
 25547 | D:14     | Found a stormy altar of Qazlal.
 26122 | D:14     | Killed an ironbound preserver
 26123 | D:14     | Reached skill level 11 in Fighting
 26334 | D:15     | Entered Level 15 of the Dungeon
 26334 | D:15     | Noticed Josephine
 26607 | D:14     | Killed Josephine
 26995 | D:15     | Noticed Kirke
 27040 | D:15     | Killed Kirke
 27041 | D:15     | Reached XP level 16. HP: 118/125 MP: 23/23
 27311 | D:15     | Identified the +0 pair of boots of the Moon {rF+ rCorr
                  | Dex+2}
 27484 | D:15     | Found a staircase to the Depths.
 27484 | D:15     | Noticed a frost giant
 27498 | D:15     | Killed a frost giant
 27498 | D:15     | Received a gift from Okawaru
 28205 | Orc:1    | Reached skill level 10 in Armour
 28435 | Orc:2    | Found a staircase to the Elven Halls.
 29512 | Orc:2    | Found Evvuoma's Weapon Shop.
 29512 | Orc:2    | Found Natogeg's Weapon Shoppe.
 29517 | Orc:2    | Found Rupephyk's Weapon Shop.
 29517 | Orc:2    | Found Bughug's Jewellery Shoppe.
 29646 | Orc:2    | Found Oczoom's Antique Armour Shop.
 29649 | Orc:2    | Bought a pair of gloves for 144 gold pieces
 29966 | Lair:3   | Reached skill level 15 in Shields
 30196 | Lair:3   | Killed Urug
 30299 | Lair:3   | Killed Rupert
 30300 | Lair:3   | Reached skill level 12 in Fighting
 30996 | Lair:4   | Found a staircase to the Shoals.
 31135 | Lair:4   | Identified the +3 robe of Relativism {rPois rF- rCorr
                  | Int+4} (Okawaru gifted it to you on level 4 of the Lair of
                  | Beasts)
 31135 | Lair:4   | Received a gift from Okawaru
 31293 | Lair:4   | You fall into a shaft and drop 2 floors!
 31293 | Lair:6   | Entered Level 6 of the Lair of Beasts
 31302 | Lair:6   | Reached skill level 10 in Crossbows
 31389 | Lair:6   | Reached XP level 17. HP: 122/133 MP: 24/24
 32716 | Lair:6   | Reached skill level 5 in Evocations
 33390 | Lair:5   | Found a frozen archway.
 33406 | IceCv    | Entered an ice cave
 33655 | IceCv    | Received a gift from Okawaru
 33953 | IceCv    | Identified the +2 hand crossbow of Brutal Revenge {vorpal,
                  | rF++ MP+9 Str+4 Int+3} (Okawaru gifted it to you in an ice
                  | cave)
 33953 | IceCv    | Received a gift from Okawaru
 34473 | Lair:5   | Found a runed translucent door.
 34474 | Lair:5   | Found a viscous altar of Jiyva.
 34475 | Lair:5   | Found a staircase to the Slime Pits.
 34475 | Lair:5   | Noticed an acid blob
 34475 | Lair:5   | Noticed an acid blob
 35859 | Snake:1  | Entered Level 1 of the Snake Pit
 36148 | Snake:1  | Reached skill level 13 in Fighting
 36633 | Snake:1  | Found a white marble altar of Elyvilon.
 36978 | Snake:1  | Noticed Aizul
 36978 | Snake:1  | Noticed Donald
 37009 | Snake:1  | Killed Aizul
 37028 | Snake:1  | Killed Donald
 37028 | Snake:1  | Received a gift from Okawaru
 37597 | Snake:2  | Identified a scroll of acquirement
 37598 | Snake:2  | Acquired a +2 crystal plate armour
 37788 | Arena    | Entered the Arena
 37856 | Snake:2  | Reached XP level 18. HP: 67/144 MP: 25/25
 38694 | Snake:2  | Reached skill level 14 in Fighting
 39241 | Snake:3  | Received a gift from Okawaru
 40014 | Snake:3  | Received a gift from Okawaru
 40278 | Snake:3  | Received a gift from Okawaru
 40563 | Snake:3  | Identified the +2 pair of boots "Deposh" {rElec Int+4}
                  | (Okawaru gifted it to you on level 3 of the Snake Pit)
 40563 | Snake:3  | Received a gift from Okawaru
 40675 | Snake:3  | Reached skill level 15 in Fighting
 41996 | Snake:4  | Entered Level 4 of the Snake Pit
 43419 | Snake:4  | Received a gift from Okawaru
 43425 | Snake:4  | Reached skill level 16 in Fighting
 43425 | Snake:4  | Reached XP level 19. HP: 145/157 MP: 26/26
 43678 | Snake:4  | Reached skill level 15 in Crossbows
 43793 | Snake:4  | Received a gift from Okawaru
 44349 | Snake:4  | Received a gift from Okawaru
 44689 | Snake:4  | Got a serpentine rune of Zot
 45175 | Shoals:1 | Entered Level 1 of the Shoals
 45325 | Shoals:1 | Identified the +0 pair of boots "Egoxywn" {-Tele Harm
                  | Dex+6} (Okawaru gifted it to you on level 1 of the Shoals)
 45325 | Shoals:1 | Received a gift from Okawaru
 46066 | Shoals:1 | Reached skill level 17 in Fighting
 46634 | Shoals:2 | You fall into a shaft and drop 1 floor!
 47699 | Shoals:2 | Noticed Ilsuiw
 47713 | Shoals:2 | Killed Ilsuiw
 47726 | Shoals:2 | Identified the +6 flail of Tanom {elec, Int+3} (Okawaru
                  | gifted it to you on level 2 of the Shoals)
 47726 | Shoals:2 | Received a gift from Okawaru
 49019 | Shoals:3 | Reached XP level 20. HP: 157/168 MP: 27/27
 49296 | Shoals:4 | Entered Level 4 of the Shoals
 49327 | Shoals:4 | Received a gift from Okawaru
 51103 | Shoals:3 | Reached skill level 18 in Fighting
 51768 | Shoals:4 | Found Badorr's Antique Armour Emporium.
 52383 | Shoals:4 | Bought a pair of embroidered gloves for 360 gold pieces
 52925 | Shoals:4 | Got a barnacled rune of Zot
 53525 | Elf:1    | Entered Level 1 of the Elven Halls
 53763 | Elf:1    | Found Uwkocyk's General Store.
 53792 | Elf:1    | Noticed Azrael
 53796 | Elf:1    | Killed Azrael
 54012 | Elf:1    | Received a gift from Okawaru
 54379 | Elf:1    | Received a gift from Okawaru
 55416 | Elf:2    | Noticed Jorgrun
 55440 | Elf:2    | Killed Jorgrun
 55440 | Elf:2    | Received a gift from Okawaru
 55673 | Elf:2    | Reached XP level 21. HP: 158/179 MP: 28/28
 55994 | Elf:2    | Found a runed translucent gate.
 55995 | Elf:2    | Found a runed translucent gate.
 55995 | Elf:2    | Found a runed translucent gate.
 56029 | Elf:2    | Reached skill level 19 in Fighting
 56320 | Elf:2    | Received a gift from Okawaru
 56968 | Elf:3    | Entered Level 3 of the Elven Halls
 57192 | Elf:3    | Reached skill level 15 in Armour
 58199 | Elf:3    | Noticed a Brimstone Fiend
 58202 | Arena    | Entered the Arena
 58206 | Arena    | Received a gift from Okawaru
 58512 | Elf:3    | Identified the +8 chain mail "Zuemaaru" {rCorr}
 58519 | Elf:3    | Identified the ring of Balance {Drain rN+ rCorr Str+6
                  | Int+8}
 58820 | Elf:3    | Reached skill level 20 in Fighting
 58852 | Elf:3    | Identified the +2 ring mail of the Three Demons {rPois
                  | Regen+}
 58855 | Elf:3    | Identified the +0 pair of boots of the Catfish {Dex+2}
                  | (Okawaru gifted it to you on level 3 of the Elven Halls)
 58855 | Elf:3    | Received a gift from Okawaru
 59024 | Elf:3    | Identified the +2 falchion "Xegem" {vorpal, rPois Dex+6
                  | SInv}
 59043 | Elf:3    | Killed from afar by a deep elf sorcerer

Illustrated notes

Levels and vault maps discovered:
D:1:      tarquinn_simple_flora_water_b, layout_loops_cross,
          ebering_ecumenical_altar_mist
D:2:      layout_basic
D:3:      layout_rooms, chequers_temple_overflow_statue_of_worship,
          mainiacjoe_overflow_24_doors, gup_sewer_entry_bubbles,
          kennysheep_nondescript, uniq_sigmund
D:4:      layout_gridville, temple_statues, serial_shops,
          nicolae_shop_statue_plus, uniq_crazy_yiuf_cottage, uniq_grinder
D:5:      layout_loops_cross, mainiacjoe_overflow_chevrons,
          nicolae_gozag_seed_capital, tgw_fedhas,
          hangedman_decor_clover_reticule
D:6:      layout_basic, serial_shops, shop, hangedman_abyss_or_decor_passed,
          serial_bayou_pond_d, minivault_11
D:7:      layout_cave_pools, mainiacjoe_overflow_catwalk_spiral, uniq_harold,
          uniq_pikel
D:8:      layout_rooms, uniq_joseph
D:9:      layout_rooms, mainiacjoe_overflow_small_starburst,
          nicolae_uskayaw_dance_hall
D:10:     layout_loops_ring, minmay_lair_entry_grove, hiddenorc2_lemuel
D:11:     layout_roguey, enter_trove_1, serial_shops, nicolae_shop_stone,
          hellmonk_guarded_unrand_cigotuvi, uniq_erica
D:12:     minmay_the_grid_triangle_9x9_recursive_3_mashed
          [minmay_the_grid_triangle_9x9_sparse_checkered,
          minmay_the_grid_triangle_9x9_longest,
          minmay_the_grid_triangle_9x9_empty,
          minmay_the_grid_triangle_9x9_prize_insulated,
          minmay_the_grid_triangle_9x9_semitri,
          minmay_the_grid_triangle_9x9_flanged_cone,
          minmay_the_grid_triangle_9x9_tough_junction,
          minmay_the_grid_triangle_9x9_descending_squares,
          minmay_the_grid_triangle_9x9_stretched_checkered], layout_stronghold
D:13:     layout_cave_pools, nicolae_shop_overcharged_wands
D:14:     layout_rooms, skrybe_vaults_entry_preservation,
          nicolae_qazlal_general_emergency
D:15:     grunt_enter_depths_snipers, layout_rooms, uniq_kirke, uniq_josephine
Temple:   nicolae_temple_hex_pool
Lair:1:   layout_concentric_octagons, basic_altar
Lair:2:   layout_cave_shapes, eino_small_chamber_without_monster,
          serial_bayou_pond_e, fungi_pond_lemuel, st_stairs_4,
          beast_lair_carwin_10, grunt_megastairs_2, infiniplex_staircase_pool_2,
          lemuel_fruit_tree
Lair:3:   layout_chaotic_city, minmay_snake_entry_six_corridors,
          grunt_megastairs_4, uniq_rupert, uniq_urug
Lair:4:   layout_cave_pods, minmay_shoals_entry_beasts, serial_bayou_shore_a
Lair:5:   layout_regular_city, slime_altar_2, portal_ice_cave_demonic_guard
Lair:6:   evilmike_catoblepas_cave, layout_hall_layers,
          grunt_forest_large_clearings
Shoals:1: layout_shoals
Shoals:2: layout_shoals, nicolae_shoals_seven_spires, uniq_ilsuiw
Shoals:3: layout_shoals
Shoals:4: shoals_end_simple, layout_shoals, serial_shops,
          nicolae_shop_behind_doors, nicolae_shoals_lost_giant_temple
Snake:1:  layout_chambers, basic_altar, grunt_megastairs_3, uniq_aizul,
          uniq_donald
Snake:2:  layout_misc_corridors
Snake:3:  layout_chambers
Snake:4:  grunt_snake_rune_serpentine_throne, layout_grid_shapes
Orc:1:    layout_caves, serial_shops, nicolae_diamond_shop, enter_bailey_2
Orc:2:    grunt_orc_tribal_feast, layout_caves, serial_shops,
          nicolae_shop_behind_doors
Elf:1:    nicolae_elf_arrival_fired_up, layout_gridlike, serial_shops,
          shop_fountains, evilmike_minifort, amethyst_killhole, uniq_azrael
Elf:2:    nicolae_elf_blades_crystal_corner, layout_geoelf_grid, uniq_jorgrun
Elf:3:    nooodl_elf_gasket, layout_loops_corners

Skill      XL: |  1  2  3  4  5  6  7  8  9 10 11 12 13 14 15 16 17 18 19 20 21 |
---------------+----------------------------------------------------------------+-----
Polearms       | 1 |  1.8
Maces & Flails | 1 2 3 4 5 7 9 12 14 | 14.0
Shields        | 1 2 3 5 7 8 10 13 15 | 15.0
Fighting       | 3 5 7 8 9 11 12 13 16 17 18 20 | 20.0
Armour         | 2 4 5 6 7 9 10 11 13 14 15 | 15.0
Invocations    | 2 4 6 8 10 | 10.0
Evocations     | 1 2 3 4 5 6 |  6.0
Staves         | 4 8 10 | 10.9
Crossbows      | 5 7 10 13 14 16 17 18 | 18.1
Dodging        | |  1.7
Stealth        | |  1.2

Action                   |  1- 3 |  4- 6 |  7- 9 | 10-12 | 13-15 | 16-18 | 19-21 || total
-------------------------+-------+-------+-------+-------+-------+-------+-------++-------
Melee: Spear             |    53 |       |       |       |       |       |       ||    53
       Mace              |    90 |   235 |   201 |    22 |     6 |       |       ||   554
       Whip              |       |       |   154 |   169 |       |       |       ||   323
       Quarterstaff      |       |       |       |   346 |   640 |  1706 |   623 ||  3315
 Fire: Hand crossbow     |     1 |     5 |     9 |    97 |    37 |   180 |   801 ||  1130
       Triple crossbow   |       |       |       |       |       |       |    51 ||    51
Invok: Heroism           |       |       |       |     6 |     6 |     9 |     8 ||    29
       Finesse           |       |       |       |     1 |     2 |     6 |     5 ||    14
       Duel              |       |       |       |       |       |     1 |     1 ||     2
 Abil: Dig               |       |    26 |     3 |    12 |     9 |    18 |    10 ||    78
Evoke: Wand              |       |       |       |     5 |     3 |     5 |    17 ||    30
  Use: Scroll            |       |     7 |     2 |     7 |     4 |     4 |       ||    24
       Potion            |       |     8 |       |       |     1 |     6 |     6 ||    21
 Stab: Paralysed         |       |       |       |     4 |       |     5 |       ||     9
Armor: Leather armour    |     8 |       |       |       |       |       |       ||     8
       Ring mail         |    30 |       |       |       |       |       |       ||    30
       Chain mail        |    26 |   126 |   120 |   208 |   266 |   226 |       ||   972
       Crystal plate arm |       |       |       |       |       |   130 |   484 ||   614
Dodge: Dodged            |    65 |    84 |    80 |   174 |   147 |   186 |   137 ||   873
Block: Buckler           |    14 |    31 |    44 |    96 |    56 |       |       ||   241
       Tower shield      |       |       |       |       |   268 |  1036 |    81 ||  1385
       Kite shield       |       |       |       |       |       |       |   536 ||   536
       Reflection        |       |       |       |       |       |       |    93 ||    93

Table legend: (Time is in decaauts)
 A = Elapsed time spent in this place.
 B = Non-inter-level travel time spent in this place.
 C = Inter-level travel time spent in this place.
 D = Time resting spent in this place.
 E = Time spent auto-exploring this place.
 F = Levels seen in this place.
 G = Mean time per level.
                   A        B        C        D        E       F      G
               +--------+--------+--------+--------+--------+-----+--------+
         Total |  58174 |  56203 |   1971 |  22269 |  19245 |  40 | 1454.3 |
       Dungeon |  20487 |  19579 |    908 |   7827 |   7379 |  15 | 1365.8 |
        Temple |    107 |    107 |      0 |      0 |      0 |   1 |  107.0 |
          Lair |   8805 |   8352 |    453 |   2249 |   4356 |   6 | 1467.5 |
        Shoals |   8386 |   8134 |    252 |   3860 |   2397 |   4 | 2096.5 |
     Snake Pit |   8802 |   8564 |    238 |   3664 |   3091 |   4 | 2200.5 |
  Orcish Mines |   2341 |   2287 |     54 |    824 |    563 |   2 | 1170.5 |
   Elven Halls |   5420 |   5357 |     63 |   2219 |   1351 |   3 | 1806.7 |
         Sewer |   2732 |   2732 |      0 |   1138 |     46 |   1 | 2732.0 |
        Bailey |    292 |    292 |      0 |    125 |      0 |   1 |  292.0 |
      Ice Cave |    714 |    714 |      0 |    296 |     61 |   1 |  714.0 |
         Arena |     82 |     82 |      0 |     65 |      0 |   2 |   41.0 |
               +--------+--------+--------+--------+--------+-----+--------+

Top non-repeatable levels by time:
 Snake:3: 3040 daAuts
Shoals:3: 2854 daAuts
    D:12: 2848 daAuts
 Snake:4: 2822 daAuts
Shoals:4: 2764 daAuts
   Sewer: 2732 daAuts
  Lair:2: 2183 daAuts
   Elf:3: 2005 daAuts
  Lair:6: 1892 daAuts
    D:14: 1793 daAuts
   Elf:2: 1760 daAuts
    D:10: 1754 daAuts
 Snake:1: 1706 daAuts
   Elf:1: 1655 daAuts
  Lair:4: 1645 daAuts
